Map: [ESL] Ghost River

Players

Lemon - Winner!

  • Race: Protoss Protoss
  • Spawn Location: 1:00

Oliveira

  • Race: Terran Terran
  • Spawn Location: 11:00

Event: ESL SC2 Masters 2024 Spring (Regional)

VOD

Have the link to the VOD?

Description

Time

  • Played on: April 26, 2024, 5:38 a.m.
  • Length: 14:32

All games in this series

Show
View Real Time Build Order
Export as new Build Order

Lemon Protoss - Winner!

Build Orders: 1 Gate Expand, Blink Stalkers 

Get SALT Encoding   

  12  0:00  Probe  
  13  0:12  Probe  
  14  0:17  Pylon  
  14  0:24  Probe (Chrono Boost)  
  15  0:37  Probe (Chrono Boost), Gateway  
  16  0:43  Probe (Chrono Boost)  
  16  0:46  Assimilator  
  17  0:51  Probe  
  18  1:03  Probe  
  19  1:15  Probe  
  20  1:24  Cybernetics Core  
  20  1:33  Nexus  
  20  1:34  Probe  
  21  1:41  Pylon  
  21  1:46  Probe  
  22  1:48  Assimilator  
  22  1:58  Probe, Adept (Chrono Boost), Warp Gate (Chrono Boost)  
  25  2:10  Probe  
  26  2:22  Probe, Twilight Council  
  27  2:31  Stalker  
  27  2:35  Probe (Chrono Boost)  
  30  2:38  Gateway  
  30  2:45  Probe (Chrono Boost)  
  32  2:53  Probe (Chrono Boost)  
  32  2:54  Probe (Chrono Boost)  
  32  2:55  Blink (Chrono Boost)  
  33  2:59  Probe x2 (Chrono Boost)  
  35  3:11  Probe x2  
  37  3:17  Robotics Facility  
  37  3:23  Probe x2  
  39  3:32  Pylon  
  37  3:35  Probe x2  
  37  3:39  Stalker x2  
  43  3:47  Probe  
  43  3:48  Probe  
  45  3:53  Nexus  
  45  3:56  Pylon  
  45  4:00  Probe  
  46  4:10  Stalker x2  
  46  4:11  Observer  
  46  4:12  Probe x2  
  46  4:16  Assimilator  
  53  4:18  Assimilator  
  53  4:24  Probe x2  
  55  4:38  Probe  
  54  4:46  Observer  
  54  4:47  Robotics Bay, Probe  
  54  4:50  Probe  
  56  4:54  Stalker  
  56  4:59  Probe  
  59  5:02  Probe  
  59  5:03  Gateway  
  59  5:05  Gateway  
  60  5:10  Probe, Charge  
  60  5:11  Probe  
  60  5:13  Pylon  
  62  5:16  Shield Battery, Stalker  
  62  5:17  Immortal (Chrono Boost)  
  68  5:31  Probe  
  68  5:33  Stalker  
  59  5:44  Stalker  
  59  5:45  Probe (Chrono Boost)  
  59  5:46  Probe (Chrono Boost)  
  59  5:47  Probe (Chrono Boost)  
  64  5:57  Probe (Chrono Boost)  
  64  5:59  Probe (Chrono Boost)  
  64  6:00  Probe (Chrono Boost)  
  66  6:05  Colossus (Chrono Boost)  
  66  6:06  Probe (Chrono Boost)  
  66  6:09  Probe (Chrono Boost)  
  74  6:15  Probe (Chrono Boost)  
  74  6:16  Probe (Chrono Boost), Observer  
  75  6:18  Observer  
  75  6:23  Extended Thermal Lance  
  75  6:24  Probe (Chrono Boost)  
  78  6:26  Probe x2 (Chrono Boost), Gateway  
  78  6:27  Gateway  
  78  6:29  Probe  
  79  6:33  Pylon x2  
  79  6:35  Probe  
  79  6:36  Probe  
  80  6:41  Probe  
  80  6:43  Pylon  
  81  6:47  Probe  
  81  6:48  Probe  
  81  6:49  Colossus (Chrono Boost)  
  81  6:53  Probe, Sentry, Zealot  
  94  6:59  Probe  
  94  7:01  Probe  
  96  7:04  Pylon  
  96  7:05  Probe  
  97  7:09  Nexus  
  97  7:12  Sentry x2  
  101  7:17  Probe x2  
  101  7:20  Zealot  
  105  7:24  Pylon  
  105  7:28  Zealot x3  
  111  7:35  Zealot x2  
  115  7:39  Pylon  
  115  7:40  Pylon  
  115  7:43  Observer  
  116  7:45  Probe x3  
  116  7:49  Gateway  
  119  7:52  Gateway  
  115  8:00  Zealot x3  
  93  8:13  Probe  
  93  8:14  Stalker x2  
  93  8:15  Probe (Chrono Boost), Stalker  
  93  8:18  Probe (Chrono Boost), Assimilator  
  93  8:19  Assimilator  
  102  8:22  Pylon  
  102  8:25  Probe (Chrono Boost)  
  102  8:26  Probe (Chrono Boost)  
  104  8:27  Probe (Chrono Boost)  
  104  8:31  Probe (Chrono Boost)  
  107  8:34  Zealot  
  107  8:35  Probe (Chrono Boost), Zealot  
  107  8:36  Probe x2 (Chrono Boost)  
  107  8:40  Probe (Chrono Boost)  
  107  8:41  Probe, Colossus (Chrono Boost)  
  113  8:44  Probe  
  113  8:45  Probe  
  123  8:52  Probe  
  124  8:56  Forge  
  124  8:58  Probe  
  124  9:01  Robotics Facility  
  125  9:02  Pylon  
  125  9:04  Probe x2  
  125  9:06  Pylon  
  125  9:08  Stalker x3  
  133  9:18  Probe  
  133  9:21  Nexus  
  133  9:23  Probe x3  
  137  9:24  Disruptor (Chrono Boost), Pylon  
  141  9:36  Zealot  
  141  9:37  Zealot x7  
  157  9:40  Observer  
  145  9:49  Disruptor (Chrono Boost)  
  137  9:54  Protoss Ground Weapons Level 1 (Chrono Boost), Disruptor (Chrono Boost)  
  137  9:58  Probe x3  
  144  10:00  Zealot x6  
  144  10:01  Zealot x2  
  144  10:03  Observer  
  160  10:07  Probe  
  160  10:10  Probe  
  160  10:12  Robotics Facility  
  160  10:13  Disruptor, Observer  
  162  10:17  Pylon  
  162  10:18  Photon Cannon  
  162  10:19  Shield Battery, Disruptor  
  170  10:26  Pylon  
  170  10:27  Zealot  
  171  10:36  Probe  
  171  10:37  Probe x2, Forge, Assimilator  
  171  10:38  Probe x2  
  171  10:39  Assimilator  
  176  10:45  Stalker x4  
  176  10:48  Probe, Gateway  
  176  10:49  Probe, Disruptor  
  190  10:55  Gateway  
  190  10:58  Gateway  
  190  10:59  Disruptor  
  190  11:02  Gateway  
  195  11:12  Shield Battery  
  195  11:16  Protoss Ground Armor Level 1 (Chrono Boost)  
  192  11:19  Gateway  
  192  11:21  Gateway  
  192  11:25  Pylon  
  192  11:33  Pylon  
  178  11:44  Zealot x3  
  178  11:45  Disruptor x2 (Chrono Boost), Zealot x6  
  186  11:48  Disruptor (Chrono Boost)  
  186  11:50  Zealot  
  186  11:52  Stalker  
  178  11:56  Stalker  
  180  12:02  Probe x2  
  180  12:07  Stalker  
  180  12:08  Stalker x4  
  188  12:09  Zealot x4  
  188  12:11  Assimilator  
  188  12:12  Assimilator  
  188  12:13  Nexus  
  195  12:15  Pylon  
  195  12:17  Pylon  
  195  12:29  Gateway  
  193  12:31  Gateway  
  173  12:38  Zealot  
  173  12:39  Zealot x11  
  167  12:54  Stalker x2  
  171  13:08  Stalker x3  
  171  13:09  Stalker x9  
  193  13:20  Disruptor  
  195  13:28  Pylon  
  195  13:31  Zealot x2  
  187  13:58  Zealot x5  
  197  14:06  Zealot  
  198  14:12  Zealot x6  
  198  14:21  Zealot x9  
  176  14:27  Stalker  
Show
View Real Time Build Order
Export as new Build Order

Oliveira Terran 

Build Orders:  

Get SALT Encoding   

  12  0:00  SCV  
  13  0:12  SCV  
  14  0:17  Supply Depot  
  14  0:24  SCV  
  15  0:38  SCV  
  15  0:40  Barracks  
  16  0:43  Refinery  
  16  0:50  SCV  
  17  1:03  SCV  
  18  1:15  SCV  
  19  1:27  Marine, Orbital Command  
  20  1:38  Command Center  
  20  1:45  Barracks Reactor  
  20  1:49  Supply Depot  
  21  1:54  SCV  
  21  2:06  Factory, SCV  
  22  2:17  Refinery  
  22  2:18  SCV  
  22  2:21  Marine  
  22  2:22  Marine  
  25  2:30  SCV  
  26  2:39  Marine x2  
  26  2:42  SCV  
  29  2:51  Widow Mine  
  29  2:52  Orbital Command, Starport  
  29  2:55  SCV  
  29  2:57  Marine  
  33  3:02  Marine  
  34  3:07  SCV  
  35  3:14  Widow Mine  
  35  3:15  Marine  
  35  3:17  SCV  
  35  3:19  SCV  
  40  3:20  Marine  
  40  3:28  Supply Depot  
  40  3:29  SCV  
  40  3:30  Medivac  
  40  3:31  SCV  
  44  3:36  Factory Tech Lab  
  44  3:37  Marine  
  44  3:39  Marine, Bunker  
  46  3:45  Supply Depot  
  46  3:50  SCV x2  
  48  3:57  Marine, Siege Tank  
  48  3:58  Marine  
  53  4:04  SCV  
  53  4:06  Liberator  
  53  4:08  SCV  
  57  4:12  Supply Depot  
  57  4:15  Marine x2  
  57  4:16  SCV  
  59  4:27  SCV  
  59  4:29  SCV  
  61  4:33  Marine x2, Siege Tank  
  61  4:35  Supply Depot  
  66  4:40  SCV  
  66  4:41  SCV  
  68  4:51  Marine x2, Starport Tech Lab, Barracks  
  70  4:55  Barracks  
  70  4:56  SCV  
  70  4:59  Engineering Bay, SCV  
  72  5:00  Supply Depot  
  72  5:06  Siege Tank, Refinery  
  75  5:09  Marine x2  
  75  5:12  SCV  
  78  5:20  Supply Depot  
  78  5:22  Supply Depot, SCV  
  78  5:27  Marine x2  
  81  5:31  SCV  
  81  5:37  SCV  
  82  5:44  Marine, SCV  
  82  5:48  Supply Depot, Terran Infantry Weapons Level 1  
  80  5:50  Refinery  
  80  5:53  Barracks, Command Center, SCV  
  80  5:55  Barracks  
  80  5:56  SCV  
  80  5:57  Stimpack, Combat Shield  
  80  6:05  SCV  
  80  6:07  Starport Reactor, Factory Reactor  
  80  6:08  SCV  
  80  6:10  Marauder  
  80  6:11  Marauder  
  86  6:17  Marine  
  87  6:19  SCV  
  87  6:21  SCV  
  87  6:23  Missile Turret  
  89  6:27  Marine  
  89  6:31  SCV  
  89  6:32  Marauder x2  
  95  6:34  SCV  
  95  6:35  Marine  
  97  6:44  Medivac x2, Supply Depot  
  101  6:47  Barracks Tech Lab  
  101  6:49  Marine x2  
  101  6:50  Supply Depot, SCV x2  
  109  6:54  Marauder x2  
  109  6:55  Marine, Supply Depot  
  109  6:57  Marine  
  110  7:02  Supply Depot  
  110  7:03  Ghost Academy  
  110  7:05  Orbital Command  
  110  7:09  Marauder  
  110  7:10  Marine  
  113  7:16  Medivac x2  
  113  7:18  Marauder  
  113  7:21  Marauder  
  113  7:22  Marine  
  122  7:25  SCV x2  
  122  7:27  Orbital Command  
  122  7:29  Concussive Shells  
  123  7:38  Marine  
  123  7:41  SCV  
  125  7:48  Ghost x2  
  125  7:51  Ghost  
  129  7:53  Marine x2  
  133  8:04  Marine  
  109  8:09  SCV  
  99  8:13  Marine x2  
  99  8:14  Marine  
  99  8:16  Ghost x2, SCV  
  99  8:17  SCV  
  108  8:20  Marauder  
  108  8:21  SCV  
  108  8:22  Viking  
  113  8:27  Marine  
  113  8:28  Refinery x2  
  113  8:29  Missile Turret  
  113  8:32  Viking  
  113  8:33  Marine x2  
  113  8:34  Marine  
  118  8:35  SCV  
  118  8:37  SCV  
  121  8:41  SCV  
  121  8:42  Marauder  
  121  8:46  Marauder  
  125  8:49  Marine, Marauder  
  125  8:51  Marine, Command Center  
  129  8:56  Viking  
  129  8:57  Marine x2  
  129  9:02  Viking  
  135  9:03  Armory, Engineering Bay, Marauder  
  135  9:05  Terran Infantry Armor Level 1  
  135  9:08  Marine, Marauder  
  140  9:10  Marauder  
  140  9:14  Marine  
  142  9:17  Supply Depot  
  142  9:18  Supply Depot  
  142  9:21  Marine x2  
  144  9:24  Marauder  
  144  9:29  Marauder  
  147  9:31  Marauder  
  147  9:45  Marine  
  136  9:46  Marauder  
  136  9:50  Marauder  
  136  9:51  Viking x2  
  141  9:53  Marauder  
  141  9:54  Terran Infantry Weapons Level 2  
  141  9:57  Barracks, Terran Ship Weapons Level 1  
  141  9:58  SCV x2  
  141  9:59  Barracks  
  143  10:00  Barracks, Factory Reactor  
  143  10:01  Marine  
  143  10:03  Starport  
  143  10:05  SCV  
  145  10:07  Marauder  
  145  10:10  SCV  
  145  10:12  Marauder  
  150  10:15  SCV  
  150  10:17  SCV  
  150  10:19  Marauder  
  150  10:21  Viking x2  
  154  10:25  SCV  
  154  10:26  Missile Turret  
  158  10:29  Marauder  
  158  10:30  Marine x2  
  162  10:35  Missile Turret  
  162  10:36  Ghost  
  162  10:37  Planetary Fortress  
  164  10:45  Personal Cloaking  
  164  10:46  Barracks Tech Lab x2  
  164  10:47  SCV  
  164  10:48  SCV  
  164  10:49  Supply Depot  
  166  10:52  Marauder  
  168  11:00  Sensor Tower, Command Center, Barracks Tech Lab  
  168  11:01  Marauder  
  170  11:04  Viking  
  170  11:05  Medivac  
  170  11:09  Medivac  
  170  11:11  Marauder  
  178  11:14  Marauder  
  178  11:16  SCV x2  
  178  11:17  Supply Depot  
  182  11:19  Marauder  
  182  11:20  Terran Infantry Armor Level 2  
  182  11:23  Marauder  
  182  11:25  Marauder  
  160  11:40  Marine  
  160  11:41  Marine, Marauder  
  160  11:43  Medivac x2  
  160  11:45  Marauder  
  160  11:46  Marauder  
  168  11:51  Marauder x2  
  168  11:54  Ghost  
  172  11:55  Marine x2  
  172  11:56  Medivac  
  172  11:59  Fusion Core  
  172  12:00  Refinery  
  178  12:01  Refinery  
  174  12:09  Ghost  
  174  12:12  Marine  
  174  12:14  Medivac  
  179  12:16  Marauder x2  
  175  12:36  Marine x2, Marauder  
  169  12:38  Ghost  
  169  12:42  Ghost x2  
  160  12:47  Marine x2, Marauder  
  160  12:50  Marine  
  127  12:53  Marine x2, Liberator x2  
  127  12:58  Marauder  
  132  13:04  Marine x2  
  133  13:08  Marauder, Ghost  
  133  13:09  Marauder  
  133  13:11  Marine x4  
  136  13:13  Orbital Command  
  136  13:19  Marauder  
  136  13:22  Marine x2  
  138  13:29  Marine x2, Marauder x2  
  138  13:30  Marauder  
  146  13:35  Marine  
  146  13:37  Marauder  
  146  13:40  Marauder  
  150  13:44  Marine x2  
  150  13:45  Liberator x2  
  150  13:47  Marine, Marauder  
  158  13:50  Marauder x2  
  158  13:51  Marine  
  158  13:58  Marauder  
  158  14:02  Marine x2, Marauder  
  162  14:08  Marine, Marauder  
  162  14:09  Marauder  
Tags
 
Add a new tag
Caveats
  • Supply blocks, unpowered buildings, or Contaminate may cause inaccurate times.
  • Supply counts are checked every 10 seconds.